 Dungeon Crawl Stone Soup version 0.32-a0-119-g2e8054a (webtiles) character file.

Game seed: 14581282691659048407

21 Dorkslayer the Trooper (level 2, -1/21 HPs)
             Began as an Octopode Fighter on Feb 6, 2024.
             Slain by Terence
             ... wielding a +0 hand axe
              (6 damage)
             ... on level 2 of the Dungeon.
             The game lasted 00:02:05 (803 turns).

Dorkslayer the Trooper (Octopode Fighter)            Turns: 803, Time: 00:02:06

Health: -1/21      AC:  1    Str: 15    XL:     2   Next: 83%
Magic:  2/2        EV: 13    Int: 10    God:
Gold:   41         SH:  4    Dex: 11    Spells: 1/1 levels left

rFire   . .          .
                       - Unarmed
rCold   . . .        a - +0 buckler
rNeg    . . .        (helmet restricted)
rPois   .            (no amulet)
rElec   .            (no ring)
rCorr   .            (no ring)
SInv    .            (no ring)
Will    .....        (no ring)
Stlth   ++           (no ring)
HPRegen 0.23/turn    (no ring)
MPRegen 0.08/turn    (no ring)
                     (no ring)

%: no passive effects
@: no status effects
A: almost no armour, amphibious, 8 rings, camouflage 1, gelatinous body 1,
(nimble swimmer 1), tentacles
a: no special abilities


You were on level 2 of the Dungeon.
You visited 1 branch of the dungeon, and saw 2 of its levels.

You collected 41 gold pieces.

Inventory:

Armour
 a - a +0 buckler (worn)
Scrolls
 c - a scroll of fog {unknown}
 d - a scroll of enchant armour {unknown}
 e - a scroll of blinking {unknown}
 f - a scroll of vulnerability {unknown}
Potions
 b - a potion of might


   Skills:
 + Level 3.2 Fighting
 + Level 3.1 Dodging
 + Level 0.8 Stealth
 + Level 3.2 Shields
 * Level 2.3 Unarmed Combat


You had one spell level left.
You didn't know any spells.
Your spell library was empty.

Dungeon Overview and Level Annotations

Branches:
Dungeon (2/15)

Altars:

Annotations:
D:2 Terence


Innate Abilities, Weirdness & Mutations

You cannot wear most types of armour.
You are amphibious.
You can wear up to eight rings at the same time.
Your skin changes colour to match your surroundings (Stealth+).
Your rubbery body absorbs attacks. (AC +1, EV +1)
((You are camouflaged when in or above water. (Stealth+)))
You have tentacles for arms and can constrict up to eight enemies at once.


Message History

You kill the goblin!
Things that are here:
a +0 club; a goblin corpse
Things that are here:
a +0 club; a goblin corpse Done exploring.
There is a stone staircase leading down here.
You climb downwards.
Terence shouts!
There is a stone staircase leading up here.
Terence barely misses you.
You tentacle-slap Terence but do no damage.
You grab Terence.
You tentacle-slap Terence, but do no damage.
You squeeze Terence, but do no damage. You constrict Terence.
You block Terence's attack.
You tentacle-slap Terence but do no damage.
Terence is lightly wounded.
You constrict Terence. Terence closely misses you.
You tentacle-slap Terence. You squeeze Terence!
Terence is severely wounded.
You constrict Terence. Terence barely misses you.
You tentacle-slap Terence but do no damage.
Terence is severely wounded.
You constrict Terence. Terence hits you with a +0 hand axe!
You tentacle-slap Terence but do no damage.
Terence is severely wounded.
You constrict Terence, but do no damage.
Terence hits you with a +0 hand axe.
* * * LOW HITPOINT WARNING * * *
You tentacle-slap Terence but do no damage.
You squeeze Terence, but do no damage.
Terence is severely wounded.
You constrict Terence. Terence hits you with a +0 hand axe.
* * * LOW HITPOINT WARNING * * *
You tentacle-slap Terence but do no damage.
Terence is almost dead.
You constrict Terence. Terence hits you with a +0 hand axe.
You die...
Terence says, "That felt goooood." ########## #....@@.<# #.########

You could see Terence.

Vanquished Creatures
  3 endoplasms (D:1)
  A giant cockroach (D:1)
  3 goblins (D:1)
  2 quokkas (D:1)
  2 ball pythons (D:1)
  5 kobolds (D:1)
  2 rats (D:1)
18 creatures vanquished.

Notes
Turn   | Place    | Note
-------+----------+-------------------------------------------
     0 | D:1      | Dorkslayer the Octopode Fighter began the quest for the
                  | Orb.
     0 | D:1      | Reached XP level 1. HP: 16/16 MP: 1/1
   215 | D:1      | Reached XP level 2. HP: 21/21 MP: 2/2
   794 | D:2      | Noticed Terence
   803 | D:2      | Slain by Terence

Illustrated notes

Levels and vault maps discovered:
D:1:      heliophobic_arrival_dark_side_of_the_moon, layout_basic,
          dk_noncrumbling_4, minmay_pentomino_o2
D:2:      minmay_skewed_foursquare, layout_basic, uniq_terence

Action                     || total
---------------------------++-------
  Melee: Unarmed           ||    45
         Tentacles         ||    11
         Constrict         ||    10
         Punch             ||     1
   Stab: Sleeping          ||     3
 Armour: Skin              ||    14
  Dodge: Dodged            ||    27
  Block: Buckler           ||     8

Table legend: (Time is in decaauts)
 A = Elapsed time spent in this place.
 B = Non-inter-level travel time spent in this place.
 C = Inter-level travel time spent in this place.
 D = Time resting spent in this place.
 E = Time spent auto-exploring this place.
 F = Levels seen in this place.
 G = Mean time per level.
                   A        B        C        D        E       F      G
               +--------+--------+--------+--------+--------+-----+--------+
         Total |    803 |    803 |      0 |      0 |    541 |   2 |  401.5 |
       Dungeon |    803 |    803 |      0 |      0 |    541 |   2 |  401.5 |
               +--------+--------+--------+--------+--------+-----+--------+

Top non-repeatable levels by time:
     D:1: 794 daAuts
     D:2: 8 daAuts
